 Dungeon Crawl Stone Soup version 0.20-a0-839-gdaf5c57 (webtiles) character file.

32146 Idiomancer the Fighter (level 13, -5/141 HPs)
             Began as a Troll Gladiator on Mar 9, 2017.
             Was an Elder of the Shining One.
             Slain by a 12-headed hydra (13 damage)
             ... on level 3 of the Lair of Beasts.
             The game lasted 00:59:23 (15762 turns).

Idiomancer the Fighter (Troll Gladiator)           Turns: 15762, Time: 00:59:23

Health: -5/141     AC: 10    Str: 25    XL:     13   Next: 29%
Magic:  15/15      EV: 20    Int:  4    God:    the Shining One [****..]
Gold:   1545       SH:  0    Dex: 28    Spells: 12/12 levels left

rFire    . . .     SeeInvis .     - Unarmed
rCold    . . .     Gourm    +   a - +0 robe
rNeg     + + .     Faith    .   (no shield)
rPois    .         Spirit   .   P - +2 hat of Okawaru's Envy {Dex+3}
rElec    .         Reflect  .   M - +2 cloak {MR+}
rCorr    .         Harm     .   (gloves unavailable)
MR       +....                  (boots unavailable)
Stlth    +.........             D - amulet of rage
Regen    0.8/turn               K - +5 ring of dexterity
MPRegen  0.2/turn               l - +5 ring of dexterity

@: glowing
A: unfitting armour, claws 3, fast metabolism 3, gourmand, regeneration 1,
shaggy fur 1, tough skin 2
a: Divine Shield, Cleansing Flame, Renounce Religion, Evoke Berserk Rage


You were on level 3 of the Lair of Beasts.
You worshipped the Shining One.
The Shining One was greatly pleased with you.
You were very full.

You visited 4 branches of the dungeon, and saw 17 of its levels.
You also visited: Sewer and Bailey.

You collected 1545 gold pieces.

Inventory:

Armour
 a - a +0 robe (worn)
 M - a +2 cloak of magic resistance (worn)
 P - the +2 hat of Okawaru's Envy (worn) {Dex+3}
   (You found it on level 2 of the Lair of Beasts)

   It affects your dexterity (+3).
Jewellery
 l - a +5 ring of dexterity (left claw)
 m - a +3 amulet of reflection
 o - an uncursed ring of protection from fire
 u - an uncursed ring of protection from fire
 D - an amulet of rage (around neck)
 E - an uncursed ring of teleportation
 F - an uncursed ring of poison resistance
 K - a +5 ring of dexterity (right claw)
 Q - an uncursed ring of see invisible
Wands
 N - a wand of acid (0/15)
Scrolls
 b - a scroll of magic mapping {unknown}
 h - 3 scrolls of enchant weapon
 j - 2 scrolls of enchant armour
 n - 3 scrolls of fear
 p - a scroll of blinking
 x - 6 scrolls of teleportation
 y - a scroll of immolation
 z - 6 scrolls of remove curse
 B - 3 scrolls of fog
 G - a scroll of recharging
 R - a scroll of identify
 S - a scroll of amnesia
Potions
 e - 4 potions of invisibility
 f - 2 potions of haste
 g - 2 potions of brilliance
 i - 2 potions of might
 q - a potion of resistance
 r - 2 potions of agility
 t - 3 potions of heal wounds
 v - a potion of cancellation
 w - a potion of lignification {unknown}
 A - 4 potions of curing
 C - a potion of mutation
 I - 4 potions of flight
 J - a potion of magic {unknown}
Miscellaneous
 O - a lightning rod (4/4)
Comestibles
 d - 12 bread rations
 k - 23 fruits
 s - 9 chunks of flesh
 H - 7 meat rations
 L - 5 royal jellies


   Skills:
 + Level 12.8 Fighting
 - Level 1.7 Throwing
 - Level 10.0 Dodging
 + Level 12.2 Unarmed Combat
 - Level 4.0 Invocations


You had 12 spell levels left.
You didn't know any spells.

Dungeon Overview and Level Annotations

Branches:
Dungeon (11/15)            Temple (1/1) D:7            Lair (3/6) D:10
  Swamp (0/4) Lair:3          Orc (2/2) D:11            Elf (0/3) Orc:2
  Snake: Lair:2-4    Spider: Lair:2-4

Altars:
Ashenzari
Cheibriados
Dithmenos
Elyvilon
Fedhas
Gozag
Hepliaklqana
Kikubaaqudgha
Makhleb
Nemelex Xobeh
Okawaru
Qazlal
Ru
Sif Muna
Trog
Uskayaw
Vehumet
Wu Jian
Xom
Yredelemnul
Zin
The Shining One
Beogh

Shops:
D:4 [

Annotations:
D:9 exclusion: ice statue


Innate Abilities, Weirdness & Mutations

You are too large for most types of armour.
You have claws for hands.
Your metabolism is lightning-fast.
You like to eat raw meat.
Your natural rate of healing is unusually fast.
You are covered in fur. (AC +1)
You have very tough skin. (AC +2)


Message History

The 12-headed hydra misses you. The 12-headed hydra closely misses you.
The 12-headed hydra bites you.
The 12-headed hydra bites you but does no damage.
The 12-headed hydra bites you.
* * * LOW HITPOINT WARNING * * *
The 12-headed hydra misses you. The 12-headed hydra bites you.
* * * LOW HITPOINT WARNING * * *
The 12-headed hydra bites you!
* * * LOW HITPOINT WARNING * * *
The 12-headed hydra completely misses you.
The 12-headed hydra bites you!
* * * LOW HITPOINT WARNING * * *
The 12-headed hydra bites you.
* * * LOW HITPOINT WARNING * * *
The 12-headed hydra bites you!
* * * LOW HITPOINT WARNING * * *
The 12-headed hydra bites you.
* * * LOW HITPOINT WARNING * * *
The 12-headed hydra bites you!
You die...

###....♣♣≈≈≈♣.
.#......≈≈≈≈§§♣# ....
+.#.....≈§§§§≈≈# ......
........≈§§§§§§≈# .......
........≈§§§≈§≈###.......
........♣≈≈≈§§...........
.........♣≈≈≈♣..........
.........♣♣♣♣≈..........
.........D@♣........#
..#.#...............# #
.#.....####.#.##....## #
.......#.####.##.....# #
...P...+...≈...#....## #
..##...≈≈≈≈≈≈......## #
.. #...≈≈≈≈≈≈≈≈.....#
#+## ..≈≈≈≈≈≈≈≈≈≈....#
#.P#
..≈≈≈≈.≈≈≈≈≈....###..#


You could see a 12-headed hydra.

Vanquished Creatures
  Erica (D:11)
  2 hydras
  A queen ant (Lair:2)
  3 two-headed ogres
  An orc high priest (Bailey)
  Nergalle (D:11)
  Pikel (D:8)
  3 orc knights (Bailey)
  An orc sorcerer (Orc:1)
  A black mamba (Lair:3)
  Maurice (D:8)
  4 elephants (Lair:3)
  6 spiny frogs
  A centaur skeleton (D:10)
  2 komodo dragons (Lair:2)
  A kobold demonologist (Bailey)
  A rime drake (Lair:3)
  A troll (Orc:1)
  Grinder (D:5)
  3 blink frogs (Lair:3)
  2 dream sheep (D:9)
  2 hippogriffs
  A wraith (D:8)
  26 yaks
  3 basilisks
  2 hungry ghosts
  20 soldier ants (Lair:2)
  A warg (Orc:1)
  3 water moccasins
  9 porcupines
  A slave (D:8)
  A black bear (D:9)
  20 orc warriors
  3 ice beasts
  2 sky beasts
  2 necrophages
  An eye of draining (D:11)
  2 phantoms
  5 centaurs
  9 ogres
  3 wolves (Lair:1)
  6 crocodiles
  4 big kobolds (D:9)
  9 bullfrogs
  A gnoll sergeant (D:5)
  5 scorpions
  12 killer bees
  5 wights (D:10)
  6 electric eels
  A howler monkey (D:7)
  4 crimson imps
  3 quasits
  4 centaur zombies
  7 hounds
  A jelly (D:6)
  A bullfrog skeleton (D:11)
  9 orc priests
  A gnoll shaman (D:6)
  18 orc wizards
  3 iguanas
  30 worker ants
  A hound zombie (D:9)
  A worker ant zombie (D:10)
  18 gnolls
  16 adders
  5 shadow imps
  2 oozes
  An adder skeleton (D:6)
  3 worms
  A dart slug (D:1)
  6 leopard geckos
  68 orcs
  11 giant cockroaches
  15 goblins
  16 hobgoblins
  3 jackals (D:6)
  3 quokkas
  3 ball pythons
  8 bats
  8 frilled lizards
  A jackal skeleton (D:5)
  20 kobolds
  9 rats
503 creatures vanquished.

Vanquished Creatures (others)
  A slave (D:8)
  A hound (D:8)
2 creatures vanquished.

Grand Total: 505 creatures vanquished

Notes
Turn   | Place    | Note
-------+----------+-------------------------------------------
     0 | D:1      | Idiomancer the Troll Gladiator began the quest for the Orb.
     0 | D:1      | Reached XP level 1. HP: 19/19 MP: 0/0
   115 | D:1      | Reached XP level 2. HP: 28/28 MP: 1/1
   331 | D:1      | Reached XP level 3. HP: 35/36 MP: 2/2
  1118 | D:2      | Reached XP level 4. HP: 46/46 MP: 3/3
  1152 | D:2      | Found a blossoming altar of Fedhas.
  1281 | D:2      | Found an iron altar of Okawaru.
  1526 | D:2      | Found a blossoming altar of Fedhas.
  1945 | D:3      | Found a burning altar of Makhleb.
  2061 | D:3      | Reached XP level 5. HP: 35/55 MP: 4/4
  2302 | D:2      | Found an iron altar of Okawaru.
  2384 | D:4      | Noticed an ogre
  2403 | D:4      | Killed an ogre
  2403 | D:4      | Reached skill level 5 in Fighting
  2403 | D:4      | Reached XP level 6. HP: 26/66 MP: 5/5
  2482 | D:4      | Found a snail-covered altar of Cheibriados.
  2662 | D:4      | Found Imeam's Armour Boutique.
  2721 | D:4      | Reached XP level 7. HP: 37/76 MP: 6/6
  2949 | D:4      | Found a glowing drain.
  2965 | Sewer    | Entered a sewer
  3174 | Sewer    | Reached skill level 5 in Unarmed Combat
  3635 | D:5      | Entered Level 5 of the Dungeon
  3656 | D:5      | Found a shimmering altar of Xom.
  3694 | D:5      | Noticed Grinder
  3728 | D:5      | Killed Grinder
  3728 | D:5      | Reached XP level 8. HP: 72/84 MP: 7/7
  4639 | D:6      | Found an opulent altar of Gozag.
  4963 | D:6      | Reached XP level 9. HP: 89/92 MP: 8/8
  5202 | D:6      | Found an iron altar of Okawaru.
  5691 | D:7      | Reached skill level 10 in Unarmed Combat
  5960 | D:7      | Found a staircase to the Ecumenical Temple.
  6076 | Temple   | Entered the Ecumenical Temple
  6200 | Temple   | Became a worshipper of the Shining One
  6391 | D:8      | Noticed Pikel
  6399 | D:8      | Killed Pikel
  6796 | D:8      | Noticed a two-headed ogre
  6821 | D:8      | Killed a two-headed ogre
  6821 | D:8      | Reached XP level 10. HP: 41/107 MP: 9/9
  7068 | D:8      | Noticed Maurice
  7081 | D:8      | Killed Maurice
  7394 | D:8      | Reached skill level 10 in Fighting
  7557 | D:9      | Found a sparkling altar of Nemelex Xobeh.
  7575 | D:9      | Reached * piety under the Shining One
  7710 | D:9      | Noticed an ice statue
  7868 | D:9      | Reached skill level 5 in Dodging
  7899 | D:9      | Noticed a three-headed hydra
  8847 | D:9      | Killed a six-headed hydra
  8958 | D:10     | Entered Level 10 of the Dungeon
  8967 | D:10     | Reached XP level 11. HP: 114/118 MP: 10/10
  9082 | D:10     | Found a staircase to the Lair.
  9229 | D:10     | Reached ** piety under the Shining One
  9261 | D:10     | Noticed a two-headed ogre
  9268 | D:10     | Killed a two-headed ogre
 10150 | D:11     | Noticed a two-headed ogre
 10150 | D:11     | Reached *** piety under the Shining One
 10151 | D:11     | Found a flagged portal.
 10151 | D:11     | Noticed Nergalle
 10158 | D:11     | Killed a two-headed ogre
 10161 | D:11     | Killed Nergalle
 10173 | Bailey   | Entered a bailey
 10198 | Bailey   | Reached skill level 1 in Invocations
 10254 | Bailey   | Found an iron altar of Okawaru.
 10254 | Bailey   | Noticed an orc knight
 10254 | Bailey   | Noticed an orc high priest
 10275 | Bailey   | Killed an orc high priest
 10286 | Bailey   | Killed an orc knight
 10449 | Bailey   | Noticed an orc knight
 10472 | Bailey   | Killed an orc knight
 10626 | Bailey   | Noticed an orc knight
 10638 | Bailey   | Killed an orc knight
 10986 | Bailey   | Reached XP level 12. HP: 109/130 MP: 14/14
 11217 | D:11     | Noticed Erica
 11225 | D:11     | Killed Erica
 11798 | D:11     | Found a staircase to the Orcish Mines.
 11814 | D:11     | Found a roughly hewn altar of Beogh.
 11814 | D:11     | Reached **** piety under the Shining One
 12070 | Orc:1    | Entered Level 1 of the Orcish Mines
 12576 | Orc:2    | Entered Level 2 of the Orcish Mines
 12820 | Orc:2    | Found a staircase to the Elven Halls.
 12833 | Orc:2    | Noticed an orc high priest
 12835 | Orc:2    | Noticed an orc warlord
 12981 | Lair:1   | Entered Level 1 of the Lair of Beasts
 14071 | Lair:2   | Noticed a queen ant
 14091 | Lair:2   | Killed a queen ant
 14328 | Lair:2   | Got a warped hat
 14339 | Lair:2   | Identified the +2 hat of Okawaru's Envy {Dex+3} (You found it on level 2 of the Lair of Beasts)
 14604 | Lair:2   | Reached XP level 13. HP: 130/141 MP: 15/15
 15452 | Lair:3   | Reached skill level 10 in Dodging
 15686 | Lair:3   | Found a staircase to the Swamp.
 15762 | Lair:3   | Slain by a 12-headed hydra

Vault maps used:
D:1:      minmay_arrival_plants_in_alcoves, interstate_on_off,
          minmay_tetromino_t4
D:2:      nicolae_overflow_hidden_temple, fedhas_altar_3
D:3:      lightli_temple_of_fire
D:4:      cheibriados_altar_1, first_bread, serial_shops, shop,
          portal_sewer_entry_d
D:5:      lemuel_doored_altar, uniq_grinder
D:6:      grunt_gozag_breadcrumbs, okawaru_altar_gauntlet_db
D:7:      lemuel_temple_firewalk_b
D:8:      uniq_pikel, uniq_maurice
D:9:      lemuel_ice_statue, old_standard_altar, hangedman_ranch
D:10:     lair_entry_dummy
D:11:     minmay_orc_entry_temple_small, enter_bailey_2,
          kennysheep_opposing_triangles, uniq_erica, uniq_nergalle
Temple:   nicolae_temple_elliptical
Lair:1:   columned_hall_lemuel, grunt_megastairs_3
Lair:2:   minivault_29
Lair:3:   swamp_mist_pool, beast_lair_carwin_2, infiniplex_staircase_pool_2
Orc:2:    st_orc_congregation, minmay_orc_keep
Sewer:    sewer_frog_island_01
Bailey:   bailey_axe_of_yendor_kennysheep, bailey

Skill      XL: |  1  2  3  4  5  6  7  8  9 10 11 12 13 |
---------------+----------------------------------------+-----
Fighting       | 2 3 4 5 6 9 10 11 12 | 12.8
Unarmed Combat | 6 9 10 12 | 12.2
Dodging        | 6 8 9 10 | 10.0
Invocations    | 4 |  4.0
Throwing       | |  1.7

Action                   |  1- 3 |  4- 6 |  7- 9 | 10-12 | 13-15 || total
-------------------------+-------+-------+-------+-------+-------++-------
Melee: Unarmed           |   113 |   137 |   349 |   742 |    85 ||  1426
       Punch             |     2 |       |    17 |    50 |    10 ||    79
Throw: Throwing net      |       |       |       |     5 |     2 ||     7
Invok: Divine Shield     |       |       |       |     3 |       ||     3
Evoke: Wand              |       |       |     2 |     9 |     4 ||    15
  Use: Scroll            |       |     9 |     2 |    20 |       ||    31
       Potion            |       |       |     1 |     1 |       ||     2
 Stab: Sleeping          |     2 |       |       |       |       ||     2
       Distracted        |     1 |       |       |       |       ||     1
  Eat: Chunk             |    11 |    18 |    40 |    82 |    10 ||   161
Armor: Robe              |    49 |    28 |    81 |   152 |    11 ||   321
Dodge: Dodged            |    67 |    70 |   132 |   439 |    78 ||   786
Block: Other             |     4 |    14 |    37 |    93 |       ||   148
       Reflection        |       |       |     1 |     2 |       ||     3
